 Dungeon Crawl Stone Soup version 0.16.0-11-gd45b091 (webtiles) character file.

58 maniek23 the Grave Robber (level 3, -11/25 HPs)
             Began as a Vampire Necromancer on Mar 17, 2015.
             Splashed by a jelly's acid (18 damage)
             ... on level 1 of the Dungeon.
             The game lasted 00:06:23 (1026 turns).

maniek23 the Grave Robber (Vampire Necromancer)     Turns: 1026, Time: 00:06:23

Health: -11/25     AC:  0    Str:  3    XL:     3   Next: 76%
Magic:  4/6        EV: 20    Int: 17    God:
Gold:   53         SH:  0    Dex: 19    Spells: 2 memorised, 4 levels left

rFire  . . .     SeeInvis +     f - melded +0 short sword
rCold  . . .     Clarity  .     e - melded +0 leather armour
rNeg   + . .     SustAb   .     (shield currently unavailable)
rPois  .         Gourm    .     (helmet currently unavailable)
rElec  .         Spirit   .     (cloak currently unavailable)
rCorr  .         Warding  .     (gloves currently unavailable)
rMut   .         Stasis   .     (boots currently unavailable)
MR     .....                    (no amulet)
Stlth  +++.......               (ring currently unavailable)
                                (ring currently unavailable)

@: bat-form, flying, very quick, not resistant to hostile enchantments, fairly
stealthy
A: bottle blood, (fangs 0), see invisible, (unbreathing)
a: End Transformation


You were on level 1 of the Dungeon.
You were not thirsty.
You were in vampire-bat-form.
You visited 1 branch of the dungeon, and saw 1 of its levels.

You collected 53 gold pieces.

Inventory:

Hand weapons
 d - a +0 whip
 f - a +0 short sword (melded)
 i - a +0 spear of venom
Missiles
 h - 12 poisoned needles
Armour
 a - a +0 robe
 e - a +0 leather armour (melded)
Scrolls
 j - a scroll of identify {unknown}
 k - 4 scrolls of teleportation {unknown}
Potions
 c - 7 potions of blood
 g - a potion of mutation {unknown}
Books
 b - a book of Necromancy

   Spells                             Type                      Level
   a - Pain                           Necromancy                   1
   b - Animate Skeleton               Necromancy                   1
   c - Vampiric Draining              Necromancy                   3
   d - Regeneration                   Charms/Necromancy            3
   e - Animate Dead                   Necromancy                   4
   f - Control Undead                 Necromancy                   4


   Skills:
 + Level 0.5 Fighting
 + Level 0.5 Maces & Flails
 + Level 0.1 Armour
 + Level 2.5 Dodging
 + Level 3.4 Stealth
 + Level 2.1 Spellcasting
 + Level 5.2 Necromancy


You had 4 spell levels left.
You knew the following spells:

 Your Spells              Type           Power        Failure   Level  Hunger
a - Pain                  Necr           ###.         10%         1    #......
b - Animate Skeleton      Necr           N/A          10%         1    #......


Dungeon Overview and Level Annotations

Branches:
Dungeon (1/15)

Altars:


Innate Abilities, Weirdness & Mutations

You can bottle blood from corpses.
((You have razor-sharp teeth.))
You have supernaturally acute eyesight.
((You can survive without breathing.))


Message History

Your goblin skeleton hits the giant cockroach but does no damage.
The giant cockroach bites you but does no damage.
You hit the giant cockroach!
You kill the giant cockroach!
Your goblin skeleton hits the jelly.
Your goblin skeleton is burned by acid!
Your goblin skeleton is destroyed!
You hear a slurping noise.
The jelly hits you.
You are splashed with acid!
The acid burns!
The jelly misses you.
There is a staircase leading out of the dungeon here.
Use which ability? (? or * to list)
You turn into a vampire bat.
Your +0 short sword melds into your body.
Your +0 leather armour melds into your body.
The jelly hits you.
* * * LOW HITPOINT WARNING * * *
You are splashed with acid!
The acid burns!
Ouch! That really hurt!
You die...

#######...................#######
#...###############.#######
#.#.#.............#........
#.#.#......rJ.....#..###### ##
#.#.#.....hsrs....#..# .#
#.#.#######'#######.####### .#
#...#.............#........ .#
#...'⌠....###s...⌠'.####### .#
#.#.#.....bJh.....#.# .#
#.#.#..⌠...>...⌠..#.##### .#
#.#.###'#######'###.#...# .#
#.#...................#.# ##
#.################..#...# #.#
#.###.## #.##### ####### #Z# #.#
#######.....# #.....# #.# #.#
.......####.# #.....###.###Z#


You could see a jelly, a jackal and a giant cockroach.

Vanquished Creatures
  A giant mite (D:1)
  A worm (D:1)
  A giant gecko (D:1)
  2 oozes (D:1)
  6 bats (D:1)
  7 giant cockroaches (D:1)
  3 goblins (D:1)
  3 hobgoblins (D:1)
  5 jackals (D:1)
  A kobold (D:1)
  A giant newt (D:1)
  5 rats (D:1)
36 creatures vanquished.

Vanquished Creatures (collateral kills)
  3 jackals (D:1)
  A giant cockroach (D:1)
  2 rats (D:1)
6 creatures vanquished.

Vanquished Creatures (others)
  A bat skeleton (D:1)
  A goblin skeleton (D:1)
  A hobgoblin skeleton (D:1)
3 creatures vanquished.

Grand Total: 45 creatures vanquished

Notes
Turn   | Place    | Note
--------------------------------------------------------------
     0 | D:1      | maniek23, the Vampire Necromancer, began the quest for the Orb.
     0 | D:1      | Reached XP level 1. HP: 13/13 MP: 3/3
     1 | D:1      | Found a runed door.
     5 | D:1      | Noticed a jelly
    66 | D:1      | Learned a level 1 spell: Animate Skeleton
   136 | D:1      | Reached XP level 2. HP: 17/19 MP: 4/4
   191 | D:1      | Reached skill level 5 in Necromancy
   384 | D:1      | Reached XP level 3. HP: 20/24 MP: 6/6
  1026 | D:1      | Splashed by a jelly's acid

Action                   || total
-------------------------++-------
Melee: Whip              ||    33
       Short sword       ||    64
 Cast: Animate Skeleton  ||     3
 Abil: Bat Form          ||     1
 Stab: Sleeping          ||     3
